[Event "Late-Titled-Tuesday-Blitz-February-06-2024"]
[Site "Chess.com"]
[Date "2024.02.06"]
[Round "1"]
[White "Chempiblinka"]
[Black "Philippians46"]
[Result "0-1"]
[WhiteElo "2339"]
[BlackElo "2656"]
[TimeControl "180+1"]
[EndTime "14:04:51 PST"]
[Termination "Philippians46 won by resignation"]

1. Nf3 Nf6 2. g3 g6 3. Bg2 Bg7 4. O-O O-O 5. c4 c6 6. d4 d5 7. Nbd2 Ne4 8. b3 Nc3 9. Qe1 c5 10. e3 cxd4 11. Nxd4 Nc6 12. N2f3 dxc4 13. Qxc3 cxb3 14.
Bb2 Bg4 15. axb3 Rc8 16. Qe1 Qb6 17. Nxc6 bxc6 18. Bxg7 Kxg7 19. Qc3+ f6 20. h3 Be6 21. Nd4 Bf7 22. Nxc6 Rc7 23. Rfc1 Rfc8 24. Qb2 a6 25.
Nd4 e5 26. Rxc7 Rxc7 27. Nf3 a5 28. Rb1 Qb4 29. Nd2 Rc3 30. Nc4 a4 31. Nd2 Rd3 32.
Bf1 Rxd2 33. Qc1 axb3 34. Qc7 b2 35. Kg2 Qe4+ 0-1

[Event "Late-Titled-Tuesday-Blitz-February-06-2024"]
[Site "Chess.com"]
[Date "2024.02.06"]
[Round "1"]
[White "Petukhov_Dmitry"]
[Black "Canal_Showdrez"]
[Result "1-0"]
[WhiteElo "2552"]
[BlackElo "2036"]
[TimeControl "180+1"]
[EndTime "14:04:51 PST"]
[Termination "Petukhov_Dmitry won by resignation"]

1. e4 c5 2. c3 d5 3. exd5 Qxd5 4. d4 cxd4 5. cxd4 Nc6 6. Nf3 Bg4 7. Be2 Nf6 8. O-O e6 9. h3 Bf5 10. Nc3 Qd8 11. Qb3 Rb8 12. Rd1 Nd5 13. Nxd5 exd5 14.
Bf4 Bd6 15. Qxd5 Bxf4 16. Qxf5 Bc7 17. d5 Ne7 18. Bb5+ Kf8 19. Qe4 a6 20. Bf1 f6 21.
Rac1 Qd6 22. Rxc7 f5 23. Qe5 1-0

[Event "Late-Titled-Tuesday-Blitz-February-06-2024"]
[Site "Chess.com"]
[Date "2024.02.06"]
[Round "1"]
[White "Hamisandwich"]
[Black "reigningmvp"]
[Result "1-0"]
[WhiteElo "2738"]
[BlackElo "2390"]
[TimeControl "180+1"]
[EndTime "14:04:54 PST"]
[Termination "Hamisandwich won by checkmate"]

1. c3 a6 2. d4 b5 3. e4 Bb7 4.
Bd3 e6 5. Ne2 c5 6. Be3 c4 7. Bc2 d5 8. e5 a5 9. h4 h6 10. f4 Ne7 11. g4 Qb6 12. f5 Nd7 13. Qd2 O-O-O 14. Nf4 Kb8 15. a3 Nc8 16. Qf2 b4 17.
axb4 axb4 18. Ba4 exf5 19. Bxd7 Rxd7 20. gxf5 Be7 21. Kf1 Na7 22. Nd2 Nb5 23. cxb4 Bxb4 24. Nf3 Rc8 25. Rg1 c3 26. bxc3 Nxc3 27. Rxg7 Bf8 28.
Rg8 Ne4 29. Qa2 Rdc7 30. Ne1 h5 31. Qa5 Qb3 32. Qa7# 1-0

[Event "Late-Titled-Tuesday-Blitz-February-06-2024"]
[Site "Chess.com"]
[Date "2024.02.06"]
[Round "1"]
[White "babero_gordo"]
[Black "Nouali_Mohamed"]
[Result "0-1"]
[WhiteElo "2097"]
[BlackElo "2564"]
[TimeControl "180+1"]
[EndTime "14:04:56 PST"]
[Termination "Nouali_Mohamed won by checkmate"]

1. e4 c5 2. d4 cxd4 3. c3 e5 4. Nf3 Nc6 5. Bc4 Nf6 6. O-O Nxe4 7.
Re1 d5 8. cxd4 Bb4 9. Re2 Bg4 10.
a3 Ba5 11. Bb5 O-O 12. Bxc6 bxc6 13. dxe5 f6 14. Nbd2 fxe5 15. Nxe4 dxe4 16. Qxd8 Raxd8 17. Rxe4 Rd1+ 18. Ne1 Bxe1 19. Bd2 Bxf2# 0-1

[Event "Late-Titled-Tuesday-Blitz-February-06-2024"]
[Site "Chess.com"]
[Date "2024.02.06"]
[Round "1"]
[White "EcosseKillie"]
[Black "manitodeplomo"]
[Result "0-1"]
[WhiteElo "2254"]
[BlackElo "2608"]
[TimeControl "180+1"]
[EndTime "14:04:57 PST"]
[Termination "manitodeplomo won by resignation"]

1. d4 g6 2. e4 Bg7 3. Nc3 c5 4. dxc5 Qa5 5. Bd2 Qxc5 6. Nd5 b6 7. b4 Qc6 8. Bb5 Qb7 9. Bf4 a6 10. Nc7+ Kd8 11. Nxa8 axb5 12. Bc7+ Ke8 13. Bxb8 Qxb8 14. Nxb6 Qxb6 15. Rb1 Bb7 16. Qd3 Nf6 17. f3 d5 18.
e5 Nd7 19. e6 Qxe6+ 20. Ne2 Qc6 21. O-O Ne5 22. Qb3 Nc4 23. Qd3 e6 24. Kh1 Ke7 25. Rfe1 Ra8 26. Nd4 Qb6 27. c3 Ra3 28.
Qe2 Rxc3 29. Rbc1 0-1

[Event "Late-Titled-Tuesday-Blitz-February-06-2024"]
[Site "Chess.com"]
[Date "2024.02.06"]
[Round "1"]
[White "Beca95"]
[Black "masterofpuppets2"]
[Result "1-0"]
[WhiteElo "2958"]
[BlackElo "2508"]
[TimeControl "180+1"]
[EndTime "14:05:01 PST"]
[Termination "Beca95 won by resignation"]

1. e4 c6 2. Nc3 d5 3. Nf3 Bg4 4. h3 Bh5 5. g4 Bg6 6. d3 e6 7.
Qe2 Nd7 8. Bg2 Bc5 9. Bf4 Ne7 10.
O-O-O a5 11. exd5 Nxd5 12. Nxd5 cxd5 13. h4 h5 14. Ne5 Nxe5 15. Bxe5 Kf8 16. Bf3 hxg4 17.
Bxg4 Rc8 18. h5 Qg5+ 19. f4 Be3+ 20. Qxe3 Qxg4 21. hxg6 Rxh1 22. Rxh1 Rxc2+ 23. Kxc2 Qg2+ 24. Kc3 Qxh1 25. Qc5+ Ke8 26. Qc8+ Ke7 27. Qc7+ 1-0

[Event "Late-Titled-Tuesday-Blitz-February-06-2024"]
[Site "Chess.com"]
[Date "2024.02.06"]
[Round "1"]
[White "nihalsarin"]
[Black "Good_Knight_Kiss"]
[Result "1-0"]
[WhiteElo "3108"]
[BlackElo "2524"]
[TimeControl "180+1"]
[EndTime "14:05:02 PST"]
[Termination "nihalsarin won by checkmate"]

1. d4 Nf6 2. Bg5 Ne4 3. Bf4 g5 4. Be5 Rg8 5. Nd2 Nxd2 6. Qxd2 d6 7. Bg3 f5 8. e3 Be6 9. h4 h6 10. hxg5 hxg5 11. Nf3 c6 12. Qc3 Nd7 13. Bc4 Bxc4 14.
Qxc4 Nf6 15. O-O-O Qa5 16. Kb1 Qd5 17. Qb4 O-O-O 18.
c4 Qe4+ 19. Ka1 f4 20. Bh2 fxe3 21. fxe3 g4 22. Nd2 Qxe3 23. Nb3 g3 24. Rhe1 Qf2 25. Bg1 Qxg2 26. d5 c5 27. Nxc5 dxc5 28. Qxc5+ Kd7 29. Qb5+ Kc8 30. Bxa7 Nd7 31. Re6 Bg7 32. Rc6+ bxc6 33. Qxc6# 1-0

[Event "Late-Titled-Tuesday-Blitz-February-06-2024"]
[Site "Chess.com"]
[Date "2024.02.06"]
[Round "1"]
[White "losersgame"]
[Black "Msb2"]
[Result "0-1"]
[WhiteElo "2516"]
[BlackElo "3002"]
[TimeControl "180+1"]
[EndTime "14:05:02 PST"]
[Termination "Msb2 won on time"]

1. d4 d5 2. c4 e6 3. Nc3 Bb4 4. e3 Nf6 5. Nf3 O-O 6. Bd3 dxc4 7. Bxc4 c5 8. O-O a6 9. a3 Bxc3 10. bxc3 b5 11. Ba2 Bb7 12. Qe2 Nbd7 13. a4 Qb6 14.
Ba3 Rfc8 15. Rfb1 Ne4 16. Bb2 Qc6 17. Ne1 Nb6 18. axb5 axb5 19. f3 Nf6 20. Nd3 Na4 21. Bb3 Nxb2 22. Qxb2 c4 23. Nb4 Qc7 24. Bd1 h6 25. e4 e5 26. d5 Ne8 27. Qf2 Nd6 28. Be2 f5 0-1

[Event "Late-Titled-Tuesday-Blitz-February-06-2024"]
[Site "Chess.com"]
[Date "2024.02.06"]
[Round "1"]
[White "sina101"]
[Black "akinov-akinseye"]
[Result "1-0"]
[WhiteElo "2536"]
[BlackElo "1909"]
[TimeControl "180+1"]
[EndTime "14:05:07 PST"]
[Termination "sina101 won by resignation"]

1. e4 d5 2. exd5 Qxd5 3. Nf3 Qd6 4. Be2 Nf6 5. O-O g6 6. Re1 Bg7 7. Nc3 O-O 8. h3 a6 9. d4 b5 10. a3 Bb7 11. Ne5 Qd8 12. Bf4 Nbd7 13. Qd2 Nb6 14.
Rad1 e6 15. Bg5 Nbd5 16. Nxd5 exd5 17. Qf4 Qd6 18. Qh4 Rfe8 19. Bd3 Ne4 20. Bf4 g5 21. Bxg5 Bxe5 22. dxe5 Qxe5 23. Bxe4 dxe4 24. Bf6 Qf5 25. Re3 Re6 26. Rg3+ Kf8 27. Qh6+ 1-0

[Event "Late-Titled-Tuesday-Blitz-February-06-2024"]
[Site "Chess.com"]
[Date "2024.02.06"]
[Round "1"]
[White "KuzubovYuriy"]
[Black "argentum049"]
[Result "1-0"]
[WhiteElo "2905"]
[BlackElo "2485"]
[TimeControl "180+1"]
[EndTime "14:05:09 PST"]
[Termination "KuzubovYuriy won on time"]

1. d4 Nf6 2. Nf3 g6 3. Nbd2 d5 4. b4 Bg7 5. e3 O-O 6. c4 a5 7. b5 c5 8. Bb2 Nbd7 9. Rc1 e6 10. Be2 Ne4 11. O-O b6 12. Ba1 Bb7 13. cxd5 Nxd2 14.
Nxd2 Bxd5 15. e4 Bb7 16. dxc5 Nxc5 17. Bxg7 Kxg7 18. f3 Qg5 19. Nc4 Rfd8 20. Qe1 Rac8 21. Nxb6 Qe3+ 22. Qf2 1-0

[Event "Late-Titled-Tuesday-Blitz-February-06-2024"]
[Site "Chess.com"]
[Date "2024.02.06"]
[Round "1"]
[White "SpeedofLight0"]
[Black "Siemba"]
[Result "1-0"]
[WhiteElo "3034"]
[BlackElo "2519"]
[TimeControl "180+1"]
[EndTime "14:05:11 PST"]
[Termination "SpeedofLight0 won by resignation"]

1. d4 Nf6 2. Nc3 d5 3. Bf4 e6 4. e3 Be7 5. Bd3 O-O 6. Nf3 c5 7. O-O Nc6 8. dxc5 Bxc5 9. e4 a6 10. e5 Nh5 11. Bd2 f5 12. Ne2 g6 13. c3 Bd7 14.
Ned4 Nxd4 15. cxd4 Be7 16. Rc1 Qb6 17. a4 Rac8 18.
a5 Qxb2 19. Rb1 Qa3 20. Rxb7 Qxd3 21. Rxd7 Rfe8 22. h3 Qb5 23. Ra7 Ra8 24. Rc7 Rac8 25. Qc2 Rxc7 26. Qxc7 Bd8 27. Qc2 Re7 28. Rb1 Rc7 29.
Rxb5 Rxc2 30. Rb8 1-0

[Event "Late-Titled-Tuesday-Blitz-February-06-2024"]
[Site "Chess.com"]
[Date "2024.02.06"]
[Round "1"]
[White "temus_galaktionov"]
[Black "Actuary44"]
[Result "1-0"]
[WhiteElo "2886"]
[BlackElo "2471"]
[TimeControl "180+1"]
[EndTime "14:05:11 PST"]
[Termination "temus_galaktionov won by resignation"]

1. d4 Nf6 2. Nf3 g6 3. c4 Bg7 4. Nc3 d6 5. e4 O-O 6. Be2 e5 7. O-O Nc6 8. d5 Ne7 9. Ne1 Ne8 10. f3 f5 11. g4 fxg4 12. fxg4 Rxf1+ 13. Kxf1 c5 14. Be3 h6 15. h4 Nf6 16. Nd3 Qd7 17. Nf2 a6 18. Kg2 Rb8 19. a4 g5 20. hxg5 hxg5 21.
Bxg5 Ng6 22. Bf3 Nh7 23. Be3 Qf7 24. Qh1 Bd7 25. Rf1 Rf8 26. Nd3 Bxg4 27. Bxg4 Nh4+ 28.
Kg3 Qxf1 29. Qxf1 Rxf1 30. Kxh4 Bf6+ 31. Kg3 Bg5 32. Bh3 Ra1 33. Bxg5 Nxg5 34. Bc8 Rg1+ 35.
Kf2 Nh3+ 36. Bxh3 1-0

[Event "Late-Titled-Tuesday-Blitz-February-06-2024"]
[Site "Chess.com"]
[Date "2024.02.06"]
[Round "1"]
[White "Mops_2004"]
[Black "Dzidzik2203"]
[Result "1-0"]
[WhiteElo "2716"]
[BlackElo "2378"]
[TimeControl "180+1"]
[EndTime "14:05:11 PST"]
[Termination "Mops_2004 won by resignation"]

1. Nf3 d5 2. g3 Bg4 3. Bg2 Nd7 4. h3 Bxf3 5. Bxf3 Ngf6 6. O-O h5 7. d4 h4 8. g4 e5 9. c4 e4 10. Bg2 c6 11. Nc3 Bd6 12. cxd5 cxd5 13. g5 Nh7 14.
g6 Nhf6 15. gxf7+ Kxf7 16. Qb3 Qb6 17. Qa4 Rh5 18. f3 Bb4 19. fxe4 Qxd4+ 20. e3 Qc4 21. Nxd5 Rxd5 22. exd5 b5 23. Qb3 Ne5 24. d6 Rd8 25. Bd5+ 1-0

[Event "Late-Titled-Tuesday-Blitz-February-06-2024"]
[Site "Chess.com"]
[Date "2024.02.06"]
[Round "1"]
[White "Oleksandr_Bortnyk"]
[Black "jup1978"]
[Result "1-0"]
[WhiteElo "3090"]
[BlackElo "2524"]
[TimeControl "180+1"]
[EndTime "14:05:14 PST"]
[Termination "Oleksandr_Bortnyk won by resignation"]

1. e4 e6 2. d4 d5 3. Nc3 Bb4 4. Qd3 Ne7 5. e5 b6 6. Ne2 Ba6 7. Qh3 c5 8. Bg5 Nbc6 9. a3 Bxc3+ 10. bxc3 h6 11. Rd1 Qc7 12. g4 cxd4 13. cxd4 O-O-O 14. Be3 Kb7 15. Qf3 Rhf8 16. Bg2 Na5 17. O-O Ng6 18.
Rfe1 Nh4 19. Qg3 Nxg2 20. Kxg2 Qxc2 21. Nf4 Rc8 22. Bd2 Nb3 23. Bb4 Rg8 24. Qf3 g5 25. Nh5 Bc4 26. Qxf7+ Ka8 27. Qxe6 Be2 28. Qxd5+ Qc6 29.
Qxc6+ Rxc6 30. Rxe2 1-0

[Event "Late-Titled-Tuesday-Blitz-February-06-2024"]
[Site "Chess.com"]
[Date "2024.02.06"]
[Round "1"]
[White "DinaBelenkaya"]
[Black "dretch"]
[Result "0-1"]
[WhiteElo "2425"]
[BlackElo "2806"]
[TimeControl "180+1"]
[EndTime "14:05:14 PST"]
[Termination "dretch won by resignation"]

1. Nf3 d5 2. g3 Bg4 3. Bg2 Nd7 4. d3 e6 5. Nbd2 Bd6 6. h3 Bh5 7. O-O Ne7 8. c4 O-O 9. b3 c5 10. cxd5 exd5 11. Bb2 Re8 12. Rc1 Qa5 13. a3 Rad8 14. Qc2 Nc6 15. e4 d4 16. Nc4 Qc7 17. Nxd6 Qxd6 18.
Rfe1 f6 19. Nd2 Bf7 20. Nc4 Qc7 21. f4 b5 22. Nd2 Rc8 23. Qd1 Qd6 24. a4 Nb4 25. Bf1 a6 26. Ba3 Na2 27. Rc2 Nc3 28.
Qg4 bxa4 29. bxa4 Qc6 30. a5 Qa4 31. Rcc1 h5 32. Qf5 g6 0-1

[Event "Late-Titled-Tuesday-Blitz-February-06-2024"]
[Site "Chess.com"]
[Date "2024.02.06"]
[Round "1"]
[White "JonasEilenberg"]
[Black "Hikaru"]
[Result "0-1"]
[WhiteElo "2533"]
[BlackElo "3326"]
[TimeControl "180+1"]
[EndTime "14:05:15 PST"]
[Termination "Hikaru won by resignation"]

1. d4 g6 2. c4 Bg7 3. Nc3 d6 4.
Nf3 Bg4 5. e3 Nd7 6. Be2 e5 7.
d5 Bxf3 8. Bxf3 f5 9. Qc2 e4 10. Be2 a5 11. b3 Nc5 12. Bb2 Nf6 13. h4 h5 14. Nb5 Qe7 15. O-O-O O-O 16. Kb1 Ng4 17.
Rdf1 Bxb2 18. Qxb2 a4 19. b4 a3 20. Qc2 Na4 21. Nd4 Nb2 22. Ne6 Rf6 23. Bxg4 fxg4 24.
Qxe4 Ra4 25. Rc1 Rxb4 26. Ka1 Na4 27. f3 Nc5 28. Nxc5 Qg7 29. Qd4 dxc5 30. Qe5 gxf3 31. gxf3 Rxf3 32. Qxg7+ Kxg7 33. Rc3 Kf6 34. Rhc1 Ra4 35.
Rb3 b6 36. e4 Rf4 37. Re3 Rxc4 0-1

[Event "Late-Titled-Tuesday-Blitz-February-06-2024"]
[Site "Chess.com"]
[Date "2024.02.06"]
[Round "1"]
[White "Alex_Sahakyan2006"]
[Black "wanyaland"]
[Result "1-0"]
[WhiteElo "2901"]
[BlackElo "2485"]
[TimeControl "180+1"]
[EndTime "14:05:15 PST"]
[Termination "Alex_Sahakyan2006 won by resignation"]

1. e4 c5 2. Nc3 e6 3. Nf3 Nc6 4. Bb5 Nge7 5. O-O a6 6. Bxc6 Nxc6 7. d4 cxd4 8. Nxd4 Qc7 9. Re1 b5 10. Nb3 Bb7 11. Nd5 exd5 12. exd5+ Ne5 13. f4 d6 14. fxe5 dxe5 15. Bf4 Bd6 16. Bxe5 Bxe5 17. Qh5 O-O 18. Qxe5 Qxc2 19. Rac1 Qg6 20. Nc5 Bc8 21. d6 Bf5 22. Rcd1 Rad8 23. Kh1 h5 24. d7 h4 25. Rd6 Qg4 26.
h3 Qb4 27. a3 Qa5 28. Nb7 Qc7 29. Nxd8 Rxd8 30. Qxf5 Qxd6 31. Re8+ 1-0

[Event "Late-Titled-Tuesday-Blitz-February-06-2024"]
[Site "Chess.com"]
[Date "2024.02.06"]
[Round "1"]
[White "BebeBonito2022"]
[Black "GlavkonVVS"]
[Result "0-1"]
[WhiteElo "2322"]
[BlackElo "2643"]
[TimeControl "180+1"]
[EndTime "14:05:16 PST"]
[Termination "GlavkonVVS won by resignation"]

1. d4 Nf6 2. c4 c5 3. d5 e6 4. Nc3 exd5 5. cxd5 d6 6. e4 g6 7. f4 Bg7 8. Bb5+ Nfd7 9. a4 O-O 10. Nf3 Na6 11. O-O Nb4 12. Re1 a6 13. Bf1 Re8 14. h3 Nf6 15. Bd2 Rb8 16. Qb3 b5 17. axb5 axb5 18. Bxb5 Bd7 19. Bxd7 Qxd7 20. e5 Nbxd5 21.
Qc4 dxe5 22. fxe5 Nb6 23. Qxc5 Nfd5 24. Nb5 Bf8 25. Qd4 Qxb5 26. e6 0-1

[Event "Late-Titled-Tuesday-Blitz-February-06-2024"]
[Site "Chess.com"]
[Date "2024.02.06"]
[Round "1"]
[White "campochess"]
[Black "nindjaxx8"]
[Result "0-1"]
[WhiteElo "2086"]
[BlackElo "2562"]
[TimeControl "180+1"]
[EndTime "14:05:18 PST"]
[Termination "nindjaxx8 won by resignation"]

1. d4 d5 2. Bg5 Nf6 3. Nd2 e6 4. e3 Be7 5. Bd3 O-O 6. Ngf3 b6 7. Ne5 Bb7 8. O-O Ne4 9. Bxe7 Qxe7 10. f3 Nxd2 11.
Qxd2 Nd7 12. Nxd7 Qxd7 13. Qf2 c5 14. c3 cxd4 15. exd4 Rac8 16. Qh4 h6 17. Rae1 Rc7 18. Re5 b5 19. a3 a5 20. f4 b4 21. axb4 axb4 22. f5 exf5 23. Bxf5 Qd6 24. Qg3 bxc3 25. bxc3 Qa3 26. Re3 Re7 27. Rfe1 Rxe3 28. Qxe3 Bc8 29.
Bc2 Qb2 30. Qd3 g6 31. Rb1 Qa2 32. h3 Bf5 33. Qe3 Bxc2 34. Rb6 Be4 35. Qg3 h5 36.
Qg5 Qc2 37. Rc6 Ra8 38. Kh2 Ra2 39. Qd8+ Kh7 0-1

[Event "Late-Titled-Tuesday-Blitz-February-06-2024"]
[Site "Chess.com"]
[Date "2024.02.06"]
[Round "1"]
[White "OparinGrigoriy"]
[Black "Escanor89"]
[Result "1-0"]
[WhiteElo "3002"]
[BlackElo "2515"]
[TimeControl "180+1"]
[EndTime "14:05:20 PST"]
[Termination "OparinGrigoriy won by resignation"]

1. a3 d5 2. Nf3 Nf6 3. e3 Bg4 4. h3 Bxf3 5. Qxf3 c6 6. b4 Nbd7 7. Bb2 e5 8. c4 Bd6 9. cxd5 cxd5 10. Nc3 e4 11. Qd1 O-O 12. Be2 Ne5 13. Nb5 Bb8 14.
Rc1 a5 15. O-O axb4 16. axb4 Qe7 17. Qb3 Rd8 18. Rc2 Nc6 19. Rc5 Be5 20. Rfc1 Bxb2 21. Qxb2 Rd7 22. Nd4 Nxd4 23. Qxd4 Rad8 24. b5 h6 25. b6 Qd6 26. Rc7 Ne8 27. R7c2 Re7 28. Bb5 Nf6 29. Rc7 Ne8 30. Bxe8 Rdxe8 31. R1c5 Rd8 32.
Rxe7 Qxe7 33. Rxd5 Rxd5 34. Qxd5 g6 35. g3 h5 36. h4 Kg7 37. Qc4 Kh7 38. Qc7 1-0

[Event "Late-Titled-Tuesday-Blitz-February-06-2024"]
[Site "Chess.com"]
[Date "2024.02.06"]
[Round "1"]
[White "rezamahdavi2008"]
[Black "terrortoast"]
[Result "1-0"]
[WhiteElo "2832"]
[BlackElo "2450"]
[TimeControl "180+1"]
[EndTime "14:05:20 PST"]
[Termination "rezamahdavi2008 won by resignation"]

1. e4 c5 2. Nf3 d6 3. d4 cxd4 4.
Nxd4 Nf6 5. Nc3 a6 6. Bc4 e6 7. Be3 b5 8. Bb3 Be7 9. f3 O-O 10. Qd2 Bd7 11. g4 Nc6 12. Nce2 Rc8 13.
Ng3 Ne8 14. O-O Ne5 15. h3 Nc7 16. f4 Nc4 17. Bxc4 bxc4 18. f5 Nb5 19. Nh5 Nxd4 20. Bxd4 e5 21. f6 exd4 22. Qg5 Bxf6 23. Rxf6 g6 24.
Raf1 Kh8 25. Qh6 gxh5 26. Rxf7 Rxf7 27. Rxf7 1-0

[Event "Late-Titled-Tuesday-Blitz-February-06-2024"]
[Site "Chess.com"]
[Date "2024.02.06"]
[Round "1"]
[White "Balla_Tamas"]
[Black "maciek_92"]
[Result "0-1"]
[WhiteElo "2417"]
[BlackElo "2794"]
[TimeControl "180+1"]
[EndTime "14:05:21 PST"]
[Termination "maciek_92 won by resignation"]

1. e4 c5 2. c3 Nf6 3. e5 Nd5 4. d4 cxd4 5. Nf3 Nc6 6. cxd4 d6 7. Bc4 e6 8. Qe2 Be7 9. O-O O-O 10. Rd1 Bd7 11. Bxd5 exd5 12. Nc3 Be6 13. Bf4 dxe5 14. Nxe5 Rc8 15. Rd3 Bf6 16. Rad1 Bf5 17. Rg3 Re8 18. Qf3 Nxe5 19. dxe5 Bxe5 20. Bxe5 Rxe5 21. Rxg7+ Kxg7 22. Qg3+ Kf6 23. f4 Re4 24. Qg5+ Ke6 25. Nxe4 f6 26. Qg7 Bxe4 27. f5+ Bxf5 0-1

[Event "Late-Titled-Tuesday-Blitz-February-06-2024"]
[Site "Chess.com"]
[Date "2024.02.06"]
[Round "1"]
[White "GothamChess"]
[Black "cukricek"]
[Result "1-0"]
[WhiteElo "2700"]
[BlackElo "2376"]
[TimeControl "180+1"]
[EndTime "14:05:21 PST"]
[Termination "GothamChess won by resignation"]

1. e4 c5 2. a3 g6 3. Nc3 Bg7 4. Bc4 Nc6 5. d3 e6 6. Ba2 Nge7 7. Nge2 O-O 8. h4 h5 9. g4 hxg4 10. h5 Nd4 11. Nxd4 cxd4 12. Ne2 d5 13. Ng3 e5 14. hxg6 fxg6 15. Bg5 Bf6 16. Qd2 Be6 17. O-O-O Qc7 18. Bxf6 Rxf6 19. Qh6 Kf7 20. exd5 Rg8 21. dxe6+ Ke8 22.
Qd2 Rgf8 23. Ne4 Rf4 24. Rh7 Qb6 25. Qb4 Qxb4 26. axb4 Kd8 27. Rf7 Nc6 28. Rxb7 1-0

[Event "Late-Titled-Tuesday-Blitz-February-06-2024"]
[Site "Chess.com"]
[Date "2024.02.06"]
[Round "1"]
[White "bilelou"]
[Black "Eeleyah"]
[Result "1-0"]
[WhiteElo "2739"]
[BlackElo "2399"]
[TimeControl "180+1"]
[EndTime "14:05:22 PST"]
[Termination "bilelou won by resignation"]

1. e4 c5 2. Na3 Nc6 3. Bb5 g6 4. Bxc6 dxc6 5. d3 Bg7 6. h3 Nf6 7. Nf3 Nd7 8. O-O e5 9. Nc4 Qe7 10. a3 O-O 11. b4 b6 12. bxc5 Nxc5 13. Bb2 f6 14. a4 Be6 15. Nfd2 Nxa4 16. Rxa4 b5 17. Ba3 Qd7 18. Bxf8 Bxf8 19. Ra6 bxc4 20. Nxc4 Qb7 21. Qa1 Qb5 22. Rb1 Qc5 23. Ra5 Qe7 24. Qa4 Qc7 25. Ra6 Bd7 26. Qa5 Qxa5 27. Rxa5 Be6 28.
Rb7 Rd8 29. Ne3 f5 30. exf5 gxf5 31. Rxe5 1-0

[Event "Late-Titled-Tuesday-Blitz-February-06-2024"]
[Site "Chess.com"]
[Date "2024.02.06"]
[Round "1"]
[White "ferdipy"]
[Black "mac0504"]
[Result "0-1"]
[WhiteElo "2389"]
[BlackElo "2729"]
[TimeControl "180+1"]
[EndTime "14:05:22 PST"]
[Termination "mac0504 won by resignation"]

1. e4 Nc6 2. d4 d5 3. exd5 Qxd5 4. Nf3 Bg4 5. Be2 O-O-O 6. c4 Qf5 7. Be3 Bxf3 8. Bxf3 Nxd4 9. Bxd4 Qe6+ 10. Kf1 Qxc4+ 11. Be2 Qxd4 12. Nc3 Qxd1+ 13. Rxd1 Rxd1+ 14. Bxd1 e6 15. Bf3 Nf6 16. Ke2 Be7 17. Rc1 c6 18. h3 Rd8 19. Rd1 Rxd1 20. Nxd1 Kc7 21. b3 Bc5 22. Kd3 Nd5 23. a4 Kd6 24. Be2 Nf4+ 25.
Kd2 Bb4+ 26. Ke3 Nxg2+ 27. Kf3 Nh4+ 28. Kg4 Nf5 29. Bd3 g6 30. Kg5 Bd2+ 31. Kf6 Nh6 32. Kg7 Ke7 33. Kxh7 Nf5 34. Nb2 Nd4 35. Bc4 b5 36.
axb5 cxb5 37. Bd3 a6 0-1

[Event "Late-Titled-Tuesday-Blitz-February-06-2024"]
[Site "Chess.com"]
[Date "2024.02.06"]
[Round "1"]
[White "bipe137"]
[Black "Cronos97"]
[Result "1-0"]
[WhiteElo "2582"]
[BlackElo "2186"]
[TimeControl "180+1"]
[EndTime "14:05:22 PST"]
[Termination "bipe137 won by checkmate"]

1. d4 Nf6 2. c4 c5 3. d5 e6 4. Nc3 exd5 5. cxd5 d6 6. e4 g6 7. Nf3 a6 8. a4 Bg4 9. Qb3 Bxf3 10. Qxb7 Nbd7 11.
gxf3 Bg7 12. Be2 O-O 13. Qb3 Rb8 14. Qc2 Re8 15. Be3 Nh5 16. f4 Kh8 17. Bxh5 gxh5 18. O-O-O Qa5 19. Rhg1 Rb4 20. Bd2 Rc4 21. Qb3 Rb4 22.
Qc2 Rc4 23. Rg3 Qc7 24. Rdg1 Bd4 25. e5 Rb8 26. Rg7 dxe5 27. Qxh7# 1-0

[Event "Late-Titled-Tuesday-Blitz-February-06-2024"]
[Site "Chess.com"]
[Date "2024.02.06"]
[Round "1"]
[White "koziororo"]
[Black "Viktor_Poddubnyi"]
[Result "1-0"]
[WhiteElo "2612"]
[BlackElo "2264"]
[TimeControl "180+1"]
[EndTime "14:05:25 PST"]
[Termination "koziororo won on time"]

1. e4 g6 2. h4 Bg7 3. h5 d5 4. exd5 Qxd5 5. Nc3 Qa5 6. Nf3 Nc6 7. Bc4 Bg4 8. hxg6 hxg6 9. Rxh8 Bxh8 10. Be2 O-O-O 11.
Ne4 Nf6 12. Nxf6 Bxf6 13. c3 e5 14. Ng1 Bf5 15. Qb3 Rd7 16. Qb5 e4 17. Qxa5 Nxa5 18. b3 Nc6 19. Bb2 Ne5 20. O-O-O Nd3+ 21. Bxd3 Rxd3 22.
Re1 Bg5 23. Re2 Bg4 24. Rxe4 1-0

[Event "Late-Titled-Tuesday-Blitz-February-06-2024"]
[Site "Chess.com"]
[Date "2024.02.06"]
[Round "1"]
[White "BogdanDeac"]
[Black "Vasily85"]
[Result "1-0"]
[WhiteElo "2993"]
[BlackElo "2514"]
[TimeControl "180+1"]
[EndTime "14:05:26 PST"]
[Termination "BogdanDeac won by resignation"]

1. b3 e5 2. Bb2 Nc6 3. Nf3 e4 4. Nd4 Nxd4 5. Bxd4 Nf6 6. e3 d5 7. c4 c6 8. Nc3 Be7 9. cxd5 cxd5 10. f3 O-O 11.
Be2 Bf5 12. O-O exf3 13. Bxf3 Ne4 14. Bxe4 Bxe4 15. Nxe4 dxe4 16. Qg4 f6 17. Qxe4 Qd7 18. Qf5 Rfd8 19. Qxd7 Rxd7 20. Rac1 Rad8 21. Kf2 b6 22. Rc2 Bd6 23. h3 Kf7 24. Ke2 Ke6 25. g4 b5 26.
Rf5 Be5 27. Bxe5 fxe5 28. Rf1 Rd6 29. h4 R8d7 30. Rf8 h6 31. Rfc8 Ke7 32. R8c5 Rd5 33. Rxd5 Rxd5 34. Rc7+ Rd7 35. Rxd7+ Kxd7 36. Kd3 Kd6 37. Ke4 Ke6 38. b4 a6 39. d4 1-0

[Event "Late-Titled-Tuesday-Blitz-February-06-2024"]
[Site "Chess.com"]
[Date "2024.02.06"]
[Round "1"]
[White "DanielDardha2005"]
[Black "tolimachess"]
[Result "1-0"]
[WhiteElo "2900"]
[BlackElo "2482"]
[TimeControl "180+1"]
[EndTime "14:05:26 PST"]
[Termination "DanielDardha2005 won by checkmate"]

1. e4 c6 2. Nf3 d5 3. d3 Bg4 4. h3 Bh5 5. g4 Bg6 6. Qe2 dxe4 7. dxe4 Nd7 8. Nbd2 Ngf6 9. e5 Nd5 10. e6 fxe6 11. Nc4 Qc7 12. Nfe5 Nxe5 13. Nxe5 Bf7 14. Bg2 g6 15. c4 Nb4 16. O-O Bg7 17. Bf4 Qb6 18. Rfe1 c5 19. a3 Nc6 20. Bxc6+ bxc6 21. Nxf7 Kxf7 22. Qxe6+ Kf8 23. Qxe7+ Kg8 24. Qe6+ Kf8 25. Bd6# 1-0

[Event "Late-Titled-Tuesday-Blitz-February-06-2024"]
[Site "Chess.com"]
[Date "2024.02.06"]
[Round "1"]
[White "Squirlolz"]
[Black "shirovin"]
[Result "1-0"]
[WhiteElo "2554"]
[BlackElo "2080"]
[TimeControl "180+1"]
[EndTime "14:05:28 PST"]
[Termination "Squirlolz won on time"]

1. e4 c5 2. Nc3 d6 3. b3 Nc6 4. Bb2 Nf6 5. Nge2 Nd4 6. d3 e6 7. Nxd4 cxd4 8. Ne2 Qa5+ 9. Qd2 Qxd2+ 10. Kxd2 Be7 11. Nxd4 a6 12. f4 O-O 13. Be2 Bd7 14.
g4 h6 15. h4 Rfc8 16. g5 hxg5 17. hxg5 Ne8 18. Rh2 e5 19. Rah1 f6 20. g6 1-0

[Event "Late-Titled-Tuesday-Blitz-February-06-2024"]
[Site "Chess.com"]
[Date "2024.02.06"]
[Round "1"]
[White "yuriydovzik"]
[Black "riconaipe"]
[Result "0-1"]
[WhiteElo "2214"]
[BlackElo "2603"]
[TimeControl "180+1"]
[EndTime "14:05:29 PST"]
[Termination "riconaipe won by resignation"]

1. d4 Nf6 2. Nc3 d5 3. Bg5 Nbd7 4. f3 h6 5. Bxf6 Nxf6 6. e4 dxe4 7. fxe4 Bg4 8. Qd3 c6 9. h3 Bh5 10. Nf3 e6 11. O-O-O Qa5 12. g4 Bg6 13. Ne5 Bh7 14. h4 Bb4 15. g5 Nd5 16. g6 Nxc3 17. bxc3 Bxc3 18. Rd2 Bxd2+ 19. Qxd2 Qxd2+ 20. Kxd2 Bxg6 21. Nxg6 fxg6 22. Bc4 Ke7 23. Rg1 g5 24. hxg5 h5 25. Ke3 Raf8 26. a4 h4 27. a5 h3 28. Be2 h2 29.
Rh1 Rh3+ 0-1